[Event "44th Chess Olympiad Open 2022"]
[Site "Chennai"]
[Date "2022.07.30"]
[Round "2.17"]
[White "Stoyanov, Tsvetan"]
[Black "Brkic, Ante"]
[Result "1-0"]
[WhiteElo "2450"]
[BlackElo "2611"]
[Annotator "TA"]
[PlyCount "99"]
[EventDate "2022.??.??"]
[TimeControl "60"]

1. e4 c5 2. Nf3 d6 3. d4 cxd4 4. Nxd4 Nf6 5. Nc3 a6 6. Be3 e5 7. Nf3 Be7 8. Bc4 Be6 9. Bxe6 {[%emt 0:06:34] B90: Sicilian
Najdorf: Unusual White 6th moves, 6 Be3 Ng4 and 6 Be3 e5.} fxe6 10. Ng5 Qd7 11. Qf3
{The position is equal.} d5 12. exd5 exd5 13. O-O-O d4 {[%emt 0:00:00]
Threatens to win with ...0-0.} 14. Nce4 Nc6 (
14... O-O $5 ) 15. Bd2 O-O 16.
Nxf6+ Bxf6 17. Ne4 Be7 18. Qb3+ Kh8 {[%emt 0:00:06] [#]} 19. h4 $146 ({Predecessor:} 19. f3 b5 20. h4 Rac8 21. Kb1 b4 22. Qd3 Qd5
23. Ng5 Qg8 24. Rde1 a5 25. f4 Bxg5 26. hxg5 exf4 {½-½ (59) Kotronias,V 
(2465)-Colpe,M (2348) Hamburg 2022}) 19... a5 20. Ng5 Qf5 {[%emt 0:10:27] Against Nf7+} 21. g4 Qxg4 (21... Qg6 $11 {keeps the balance.}) 22. Nf7+ $16 Rxf7 23. Qxf7 Rf8 24.
Qb3 e4 25. Qxb7 Qe6 26. Qb3 Qd6 (
26... Qf5 $142) 27. Rhe1 Rb8 28. Qc4 (28. Qg3 $1 $16 {Black must now prevent Bf4.} Qxg3 29. fxg3)
28... Ne5 (28... Qa3 $5 29. Bc3 dxc3 30. Rd8+ (30. bxa3 $2
Bxa3#) 30... Rxd8 31. bxa3 Bxa3+ 32. Kb1 Rb8+ 33. Ka1 Bb2+ 34. Kb1 Ba3+ 35. Ka1
Bb2+ 36. Kb1 Ba3+ $11) 29. Qa4 Qd5 ({Black
should try} 29... Qb6 $14 30. b3 Rc8 31. Rxe4 Qc7) 30. Bf4 (
30. Bxa5 Nf3 $11) 30... Bb4 {[%emt 0:00:29] [#]} 31. Rg1 (31.
Re2 $1 $18 {[%cal Yc2c3] Hoping for c3!} Rf8 32. Bxe5 Qxe5 33. Qd7) 31... Rf8
$2 {[%emt 0:01:16] [#]} (31... d3 $1 $14) 32. Rg5 $1 $18 Rxf4 33. Qe8+ Bf8 34. Qxe5 {
[%emt 0:00:39] Chess con chili.} Qf7 35. Kb1 (35. Qxd4 Qxa2 36. Rb5 h6 $18) (35. Rxd4 Rxf2 36. Rd1 (36. Qxe4 Qxa2 37. Ra4
Rf1+ 38. Kd2 Qxb2 $11) (36. Rxe4 h6 $11) 36... h6 $14) 35... h6 36. Rgg1 d3 37. cxd3 Rxf2 38. dxe4 a4 39.
Qd5 Qf4 40. Qd3 $2 (40. a3
$18) 40... a3 $1 $14 41. bxa3 Qf6 (41... Qe5 $14 42. Rd2 (42. Qd4 $2 Qb5+ 43. Ka1 Qe2 $19) 42... Rxd2 43.
Qxd2 Qxe4+ 44. Qc2 Qb7+ 45. Qb2 Qe4+ 46. Qc2 Qb7+ 47. Qb2 Qe4+ 48. Ka1 Qxh4)
42. Qd4 Qf4 {[%emt 0:00:02] [#]} 43. Rd3 (43.
Ka1 Qh2 44. Rc1 (44. Qd5 Bd6 45. Qa8+ Bb8 46. Rd8+ Kh7) 44... Rxa2+ 45. Kb1
Rxa3 $11) (43. Rg6 $1 $18 {[%cal Rg6h6] and the rest is easy. aiming for Rxh6+!
} Kh7 44. Rb6) 43... Qxh4 (43... Re2 $16 44. Qd5 (44. Ka1 Qh2
$11) 44... Rxe4) 44. e5 $18 Rf4 45. Qd5 Be7 $2 (45... Qf2 46. Rc1 Qa7) 46. Rdg3 Qh5 47. Qe6 (47. Rxg7 Qf5+
48. Kc1 (48. Kb2 $2 Rf2+ 49. Ka1 Rf1+ 50. Rxf1 Qxf1+ 51. Kb2 Kxg7 $19) 48...
Bxa3+ 49. Kd1 Rf1+ 50. Rxf1 (50. Ke2 Rf2+ 51. Ke1 Bb4+) 50... Qxf1+ 51. Kd2
Qf2+ 52. Kd1 Kxg7 $11) 47... Bf8 (47... Qe8 {was worth a try.}
48. Rb3 (48. Rxg7 Qb5+ 49. Ka1 Rf1+ 50. Rxf1 Qxf1+ 51. Kb2 Qb5+ 52. Ka1 Qf1+
53. Kb2 Qb5+ 54. Ka1 Qf1+ $11) 48... Qf8) 48. Rh3 Rh4 {
[%emt 0:00:21] [#]} (48... Qf7 $142 49. Qxf7 Rxf7) 49. Rf1 $1 Bc5 (49... Be7 50. Rc3) 50. Rxh4 {[%emt 0:00:00] Weighted
Error Value: White=0.34/Black=0.68} 1-0

[Event "44th Chess Olympiad Open 2022"]
[Site "Chennai"]
[Date "2022.07.30"]
[Round "2.17"]
[White "Georgiev, Todor"]
[Black "Bosiocic, Marin"]
[Result "1-0"]
[WhiteElo "2272"]
[BlackElo "2549"]
[Annotator "ChessBase"]
[PlyCount "103"]
[EventDate "2022.??.??"]
[TimeControl "60"]

1. d4 Nf6 2. c4 e6 3. Nf3 b6 4. g3 Ba6 5. Qc2 c5 6. dxc5 bxc5 7. Bg2 Nc6 8.
O-O Be7 9. b3 d5 10. Bb2 d4 11. a3 Rc8 12. b4 cxb4 13. Qa4 Qa5 14. Qxa5 Nxa5 15. axb4 Bxb4 16. Nxd4 Bxc4 17. Ra4 e5 18. Nf5 Bxe2 19. Rxb4 Bxf1 20. Kxf1 Kd7 21. Ra4 Nc4 22. Rxa7+ Rc7 23. Rxc7+ Kxc7 24. Bc3 g6 25. Nh6 Rd8 26. Ke2 Rd7 27. Nd2 Nd6 28. Bh3 Re7 29. Ba5+ Kc6 30. Bd8 Ra7 31. Bxf6 Nb5 32. Nf3 Nc3+ 33. Kd3 e4+ 34. Kxc3 exf3 35. Bg4 Kd5 36. Kd3 Ra3+ 37. Bc3 f5 38. Bxf3+ Ke6 39. h4 Ra2 40. Ke3 Ra3 41. Kd4 Ra4+ 42. Kc5 Ra3 43. Bd5+ Kd7 44. Kb4 Ra6 45. Nf7 Ke7 46. Ne5 Rb6+ 47. Kc4 Rb1 48. Bg8 Rf1 49. Bd4 Rc1+ 50. Kd3 Rd1+ 51. Ke3 Re1+ 52. Kd2 1-0

[Event "44th Chess Olympiad Open 2022"]
[Site "Chennai"]
[Date "2022.07.30"]
[Round "2.18"]
[White "Nguyen, Thai Dai Van"]
[Black "Reimanis, Ritvars"]
[Result "1-0"]
[WhiteElo "2629"]
[BlackElo "2377"]
[Annotator "TA"]
[PlyCount "93"]
[EventDate "2022.??.??"]
[TimeControl "60"]

1. c4 {[%emt 0:00:07] ChessBase II} c5 2. Nf3 Nc6 3. Nc3 g6 4. e3 d6 5. d4 Bg4 6. Be2 Bg7 7. d5 Nb8 {[%emt 0:07:00] A35: Symmetrical English: 2 Nc3 Nc6 3 Nf3.}
8. O-O Nf6 9. e4 O-O {
[%emt 0:01:39] White is slightly better.} 10. h3 Bxf3 11. Bxf3 (11. gxf3 Qc8 $14) 11... Nbd7 12. Be2 Ne8 13. Be3 Rb8 14. Qd2 a6 {[%emt 0:02:56] [#]}
15. a4 $146 ({Predecessor:} 15. Bh6 Bxh6 16.
Qxh6 e5 17. dxe6 fxe6 18. f4 Qe7 19. Rad1 Ng7 20. Rf3 Rbd8 21. Rfd3 {1-0 (42)
Lukic,A-Trifunovic,P Kragujevac 1959 EXT 1998 [ChessBase II]}) 15... e5 16. dxe6 {[%emt 0:11:05] White is more active.} fxe6 17. f4 {[%emt 0:00:08] Against Ne5} Qe7 18. Rad1 Nb6 (18... Rd8 $16) 19. a5 $18 Nc8 20. e5 dxe5 21. Ne4 Nf6 22. Nxf6+ (
{Don't take} 22. Bxc5 $6 Nxe4 23. Bxe7 Nxd2 24. Bxf8 Nxf1 25. Bxg7 Kxg7 $16) (
22. Nxc5 $18 exf4 23. Rxf4) 22... Rxf6 $16 23. Qd8+ Qxd8 {[%emt 0:03:18] This move loses the game for Black.} (23... Rf8
$16 24. Qxe7 Nxe7) 24. Rxd8+ $18 Rf8 25.
Rxf8+ Bxf8 {[%emt 0:03:08] [#]} 26. Bg4 $1 ({
Don't do} 26. fxe5 $6 Na7 $16) 26... e4 27. Bxe6+ Kg7 28. Rd1 {[%emt 0:04:14] aiming for Rd8.} Ne7 29. Bxc5 Kf6 30. Bd6 {
[%emt 0:01:29] A strong pair of Bishops.} Ra8 31. Bd5 Nxd5 32. Rxd5 Bxd6 33. Rxd6+ {[%emt 0:00:37] Endgame KR-KR} Kf5 {[%emt 0:00:00] [#]} 34.
g3 {[%emt 0:00:07] Hoping for Kf2.} e3 35. Kf1 h5 (35... Ke4 {was worth a try.} 36. Ke2 Rc8 37. Re6+ Kd4)
36. Rd4 g5 37. Ke2 gxf4 38. Rxf4+ Ke5 39. Rh4 Rg8 40. Rxh5+ Kd4 41. Rh4+ Kc5 42. Rg4 Re8 43. h4 Kb4 44. h5 Kxa5 45. h6 Rh8 46. Rh4 {[%emt 0:00:00] White wants to mate with
g4.} Kb4 47. g4 {[%emt 0:00:00] Weighted Error Value: White=0.
05 (flawless) /Black=0.50} 1-0

[Event "44th Chess Olympiad Open 2022"]
[Site "Chennai"]
[Date "2022.07.30"]
[Round "2.18"]
[White "Michalik, Peter"]
[Black "Ungurs, Edgars"]
[Result "1-0"]
[WhiteElo "2559"]
[BlackElo "2206"]
[Annotator "TA"]
[PlyCount "49"]
[EventDate "2022.??.??"]
[TimeControl "60"]

1. e4 c6 2. Nf3 d5 3. d3 dxe4 4. dxe4 Qxd1+ 5. Kxd1 Nf6 6. Nbd2 {[%emt 0:00:16]
[%cal Yb1d2,Yd2c4,Yc4e5] B10: Caro-Kann: 2 d3 and 2 c4.} g6 {[%emt 0:00:00] 6..
.g6 is better than 6...Bg4.} 7. Ne5 Bh6 8. f3
{[%emt 0:01:44] The position is equal.} Be6 {[%emt 0:01:24] [#]} 9. Bc4 $146 ({Predecessor:} 9. Ndc4 Bxc1 10. Kxc1 Nbd7 11. a4 a5 12. b3
Nxe5 13. Nxe5 Nd7 14. Nd3 f6 15. Kb2 {0-1 (40) Sanal,V (2601)-Grischuk, A 
(2764) Chess.com INT 2022}) 9... Bxc4 10. Ndxc4 Bxc1 11. Kxc1 Nbd7 12.
Rd1 Nxe5 13. Nxe5 O-O 14. a4 Rfd8 15. Ra3 Rxd1+ 16. Kxd1 $11 {[%emt 0:00:03] Endgame Rb3 is the
strong threat. KRN-KRN} Rd8+ 17. Ke2 {[%emt 0:00:00] Strongly
threatening Rb3.} Ne8 18. Nc4 f6 19. Rb3 Rd7 20. e5 Rd4 21. Nd2 (21. Na5 $5 ) 21...
Rxa4 (21... b6 $11) 22. Rxb7 $16 Kf7 23. Ne4 Ra5 24. f4 {[%emt 0:
00:00] White is more active.} ({Better is} 24. exf6 $16 Nxf6 25. Nd6+ Ke6 26.
Nc8) 24... h6 (24... Rb5 $11 {keeps the balance.} 25. Rxa7
Rxb2) 25. Nd6+ {[%emt 0:03:40] Weighted Error Value: White=0.12 (very precise)
/Black=0.17 (very precise)} 1-0

[Event "44th Chess Olympiad Open 2022"]
[Site "Chennai"]
[Date "2022.07.30"]
[Round "2.18"]
[White "Kantans, Toms"]
[Black "Navara, David"]
[Result "0-1"]
[WhiteElo "2486"]
[BlackElo "2688"]
[Annotator "TA"]
[PlyCount "50"]
[EventDate "2022.??.??"]
[TimeControl "60"]

1. e4 c6 2. d4 d5 3. Nc3 dxe4 4. Nxe4 Nf6 5. Nxf6+ exf6 6. c3 Bd6 7. Bd3 O-O 8. Qc2 Re8+ {[%emt 0:00:27] B15: Caro-Kann: 3 Nc3:3...g6 and 3...dxe4 4 Nxe4
Nf6 5 Nxf6+ exf6.} 9. Ne2 h5 10. O-O h4 {[%emt 0:03:19] White is slightly
better.} 11. Bf4 Na6 (11... Rxe2 $2 12. Qxe2
Bxf4 13. Qe4 $18) 12. Rae1 Nc7 (12... Rxe2 $2
13. Qxe2 Bf5 14. Bxf5 $18) 13. Qd2 {[%emt 0:01:22] [#]} h3 $146 ({Predecessor:} 13... Be6 14. b3 a5 15. Bxd6 Qxd6 16. Qf4 Qxf4 17. Nxf4 a4
18. Nxe6 Rxe6 19. Bc4 Nd5 20. Bxd5 cxd5 21. bxa4 Rxa4 {½-½ (70) Arjun,K 
(2445)-Buhmann,R (2581) Karlsruhe 2019}) 14. Ng3 hxg2 15. Rxe8+ Nxe8 16. Re1 Be6 17. Bc2 Qd7 18. h4 Bd5 {[%emt 0:07:29] And now ...Qg4
would win.} (18... Bxa2 19. b3 $16) 19. Nf5 g6 (19... Bxf4 20. Qxf4 Be6 21. h5 $11) 20. Nxd6 Qh3 ({Reject} 20... Nxd6 $6 21. Bxd6 Qxd6 22. Qe3
$17) 21. f3 $2 {[%emt 0:02:00] [#] Loses the game.} (21. Bh2 $15 Nxd6 22. Qf4)
21... Qh1+ $1 $19 ({Not} 21... Nxd6 22. Qxg2 (22. Bxd6 $2 Qh1+
23. Kf2 g1=R $19) 22... Qxg2+ 23. Kxg2 $14) 22. Kf2 {[%emt 0:00:00] Ne4 is the
strong threat.} g1=B+ 23. Rxg1 Qxf3+ 24. Ke1 Nxd6 {[%emt 0:00:05] Dancing on a
razor blade.} 25. Qh2 $2 {[%emt 0:02:32] [#]} (25. Bxd6 Re8+ 26. Be5) 25... Nc4
{[%emt 0:03:38] Weighted Error Value: White=0.62/Black=0.03 (flawless)} 0-1

[Event "44th Chess Olympiad Open 2022"]
[Site "Chennai"]
[Date "2022.07.30"]
[Round "2.18"]
[White "Golubovskis, Maksims"]
[Black "Hracek, Zbynek"]
[Result "0-1"]
[WhiteElo "2219"]
[BlackElo "2555"]
[Annotator "ChessBase"]
[PlyCount "64"]
[EventDate "2022.??.??"]
[TimeControl "60"]

1. e4 c5 2. Nf3 d6 3. d4 cxd4 4. Nxd4 Nf6 5. Nc3 a6 6. h3 e5 7. Nde2 h5 8. g3 Be7 9. Bg2 b5 10. a4 b4 11. Nd5 Nxd5 12. Qxd5 Ra7 13. Be3 Rb7 14. O-O Nd7 15. f4 O-O 16. Qd2 a5 17. f5 Nf6 18. b3 Rd7 19. Qd3 Bb7 20. Bg5 d5 21. exd5 Bxd5 22. Bxd5 Nxd5 23. Bxe7 Qxe7 24. Kh1 Rc8 25. Rac1 Nf6 26. Qe3 Rcd8 27. Rfe1 Rd2 28. Ng1 Qb7+ 29. Qf3 e4 30. Qe3 Qc8 31. c3 R8d3 32. cxb4 Qxc1 0-1

[Event "44th Chess Olympiad Open 2022"]
[Site "Chennai"]
[Date "2022.07.30"]
[Round "2.19"]
[White "Banusz, Tamas"]
[Black "Murshed, Niaz"]
[Result "1-0"]
[WhiteElo "2611"]
[BlackElo "2413"]
[Annotator "TA"]
[PlyCount "103"]
[EventDate "2022.??.??"]
[TimeControl "60"]

1. Nf3 d5 2. g3 Nf6 3. Bg2 Nc6 4. d4 Bf5 5. O-O e6 6. c4 Be7 7. Nc3 Ne4 8. Nd2 $5 {[%emt 0:02:01][%cal Rd2e4]
Exploring less charted territory. D02:1 d4 d5 2 Nf3 sidelines, including 2...
Nf6 3 g3 and 2...Nf6 3 Bf4.} Nxd2 9. Bxd2 dxc4 10. e4 {[%emt 0:06:21] White is slightly
better.} Bg6 {[%emt 0:00:08] [#]} 11. d5 $146 ({Predecessor:} 
11. Be3 O-O 12. f4 f6 13. Rf2 a6 14. Rd2 Qe8 15. g4 e5 16. dxe5 fxe5 17. f5 {
1-0 (35) Szabo,G (2534)-Tazbir,M (2527) Bucharest 2011}) 11... exd5 12. Nxd5 O-O 13. Bc3 f6 14. Qa4 Bf7 15. Rad1 {
[%emt 0:03:20][%cal Yd5f6,Ya1d1,Yd1d5,Yd5d2] Black must now prevent Nxf6+!} Bd6 16. Qxc4 Ne5 17. Qe2 Bxd5 18. Rxd5 c6 19. Rd2 {[%emt 0:01:09] Rfd1 is the strong threat.} Qe7 20. f4 Nf7 21. Rfd1 {[%emt 0:01:04][%cal
Yd2d6] Hoping for Rxd6!} Rfd8 22. a3 {[%emt 0:02:03] Prevents
Bb4.} (22. Bh3 $16) 22... Bc5+ $14 23. Kf1 Rxd2 24. Rxd2 Qe6 {[%emt 0:00:26] Against Bh3
} 25. Bf3 Re8 26. Kg2 Nd6 27. e5 Nb5 ({Better is} 27... fxe5 $1 $14 28. Bg4 (28. Qxe5
Qxe5 29. Bxe5 Nc4 $11) (28. fxe5 Nc4 $14) (28. Bxe5 Nc4 $11) 28... Qb3) 28. Bg4
$16 {[%emt 0:06:13] This bishop pair is nice.} f5 {[%emt 0:00:08] [#]} 29. Bxf5 Qxf5 30. Qc4+ Kh8 {[%emt 0:
00:16] And now ...Bb6 would win.} 31. Qxc5 Qe4+ 32. Kf2 {[%emt 0:02:42][%cal Yc5e7,Yg2f2,Yf2f3,Yf3e2,Ye2d1,
Yd1c2] aiming for Qe7!} Qh1 {[%emt 0:00:33] [#]} 33. h4 $40 {[%emt 0:01:31]
White is out for blood.} Qh2+ (33... Nc7 $16) 34. Kf3 $18 Qh1+ {[%emt 0:00:09] [#]} 35. Ke2 $1 ({Not} 
35. Kg4 $2 h5+ 36. Kf5 (36. Kg5 $2 {leads to mate.} Qh3) 36... b6 $19) 35...
Nc7 36. Qe3 Qg2+ 37. Kd1 Nd5 38. Qd3 (38. Rxg2 $2 {
too greedy.} Nxe3+ 39. Ke2 Nxg2 $19) 38... Qg1+ (38... Qh3 $16
39. Kc1 g6) 39. Kc2 Qc5 40. Qd4 Qb6 41. Qxb6 axb6 {[%emt 0:00:03]
Endgame KRB-KRN} 42. h5 Kg8 43. Bd4 g6 44. hxg6 hxg6 45.
Kd3 b5 46. Ke4 Nf6+ 47. Kf3 Nd5 48. Kg4 Rd8 (48... Rc8 $142 49. e6 Re8) 49. Kg5 {[%emt 0:00:
00] White is clearly winning.} Kf7 50. Rh2 b6 51. Rh7+ Ke6 52. Rg7 {
[%emt 0:01:51] Weighted Error Value: White=0.03 (flawless) /Black=0.19 (very
precise)} 1-0

[Event "44th Chess Olympiad Open 2022"]
[Site "Chennai"]
[Date "2022.07.30"]
[Round "2.19"]
[White "Erdos, Viktor"]
[Black "Ungurs, Edgars"]
[Result "1-0"]
[WhiteElo "2586"]
[BlackElo "2206"]
[Annotator "TA"]
[PlyCount "49"]
[EventDate "2022.??.??"]
[TimeControl "60"]

1. e4 c6 2. Nf3 d5 3. d3 dxe4 4. dxe4 Qxd1+ 5. Kxd1 Nf6 6. Nbd2 {[%emt 0:00:16]
[%cal Yb1d2,Yd2c4,Yc4e5] B10: Caro-Kann: 2 d3 and 2 c4.} g6 {[%emt 0:00:00] 6..
.g6 scores better than 6...Bg4.} 7. Ne5 Bh6 8. f3 {[%emt 0:01:44] The position is equal.} Be6 {[%emt 0:00:00] [#]} 9. Bc4
$146 ({Predecessor:} 9. Ndc4 Bxc1 10. Kxc1 Nbd7 11. a4 a5 12.
b3 Nxe5 13. Nxe5 Nd7 14. Nd3 f6 15. Kb2 {0-1 (40) Sanal,V (2601)-Grischuk,A 
(2764) Chess.com INT 2022}) 9... Bxc4 10. Ndxc4 Bxc1 11. Kxc1 Nbd7 12.
Rd1 Nxe5 13. Nxe5 O-O 14. a4 Rfd8 15. Ra3 Rxd1+ 16. Kxd1 $11 {[%emt 0:00:00] Endgame Strongly
threatening Rb3. KRN-KRN} Rd8+ 17. Ke2 {[%emt 0:01:05] Black
must now prevent Rb3.} Ne8 18. Nc4 f6 19. Rb3 Rd7 20. e5 Rd4 21. Nd2 Rxa4 (
21... b6 $14) 22. Rxb7 $16 Kf7 23. Ne4 Ra5 24. f4 {[%emt 0:00:00] White is more
active.} (24. exf6 $16 Nxf6 25. Nd6+ Ke6 26. Nc8) 24... h6 ({
Black should play} 24... fxe5 $14 25. Ng5+ Kf6) 25. Nd6+ {[%emt 0:03:40]
Weighted Error Value: White=0.10 (very precise) /Black=0.14 (very precise)} 1-0

[Event "44th Chess Olympiad Open 2022"]
[Site "Chennai"]
[Date "2022.07.30"]
[Round "2.19"]
[White "Erdos, Viktor"]
[Black "Hossain, Enamul"]
[Result "1-0"]
[WhiteElo "2586"]
[BlackElo "2377"]
[Annotator "RC"]
[PlyCount "77"]
[EventDate "2022.??.??"]
[TimeControl "60"]

1. e4 e5 2. Nf3 Nf6 3. Nxe5 d6 4. Nf3 Nxe4 5. Qe2 Qe7 6.
d3 Nf6 7. Nc3 Qxe2+ 8. Bxe2 Be7 9. Bf4 c6 10. Ne4 Nxe4 11.
dxe4 Nd7 12. O-O-O Nc5 13. Bxd6 Nxe4 14. Bxe7 Kxe7 15. Bc4 Be6 16. Bxe6 fxe6 17. Rhe1 Nc5 18. b4 Na6 19. Nd4 Rad8 20. Nxe6 Rxd1+ 21. Kxd1 Nxb4 22. a3 Nd5 23. Nc5+ Kf6 24. Nxb7 Rb8 25. Nc5 Kf7 26. Kd2 Rb5 27. Nb3 Nb6 28. Re4 g5 29. f3 h5 30. Kc1 Rd5 31.
Nd4 c5 32. Nc6 a6 33. Nb8 c4 34. Nc6 Kf6 35. Nd4 Rd6 36. Ne2 Nd5 37. Rd4 Ke5 38. Rxc4 Kf6 39. Ng3 1-0

[Event "44th Chess Olympiad Open 2022"]
[Site "Chennai"]
[Date "2022.07.30"]
[Round "2.19"]
[White "Michalik, Peter"]
[Black "Ungurs, Edgars"]
[Result "1-0"]
[WhiteElo "2559"]
[BlackElo "2206"]
[Annotator "RC"]
[PlyCount "49"]
[EventDate "2022.??.??"]
[TimeControl "60"]

1. e4 c6 2. Nf3 d5 3. d3 dxe4 4. dxe4 Qxd1+ 5. Kxd1 Nf6 6. Nbd2 g6 7. Ne5 Bh6 8. f3 Be6 9. Bc4 Bxc4 10. Ndxc4 Bxc1 11. Kxc1 Nbd7 12. Rd1 Nxe5 13. Nxe5 O-O 14. a4 Rfd8 15. Ra3 Rxd1+ 16. Kxd1 Rd8+ 17. Ke2 Ne8 18. Nc4 f6 19. Rb3 Rd7 20. e5 Rd4 21. Nd2 Rxa4 22. Rxb7 Kf7 23. Ne4 Ra5 24. f4 h6 25. Nd6+ 1-0

[Event "44th Chess Olympiad Open 2022"]
[Site "Chennai"]
[Date "2022.07.30"]
[Round "2.19"]
[White "Zia, Tahsin Tajwar"]
[Black "Berkes, Ferenc"]
[Result "0-1"]
[WhiteElo "2307"]
[BlackElo "2649"]
[Annotator "TA"]
[PlyCount "50"]
[EventDate "2022.??.??"]
[TimeControl "60"]

1. d4 d5 2. c4 c6 3. Nf3 Nf6 4. g3 g6 5. Bg2 Bg7 6. O-O O-O 7. a4
{[%emt 0:02:54] D78: Fianchetto Grünfeld: 6 0-0 c6.} a5 8.
cxd5 Nxd5 {[%emt 0:01:16] [#]} 9. e4 $146 {[%emt 0:00:00] The
position is equal.} ({Predecessor:} 9. Nc3 Nb4 10. Bf4 Bg4 11. Ne5 Be6 12. Qd2
Nd7 13. Nf3 Nb6 14. Bh6 Nc4 15. Qc1 {0-1 (54) Fedoseev,V (2701) -Andreikin,D 
(2729) Chess.com INT 2022}) 9... Nb4 10. Nc3 Bg4 11. Be3 $1 e5 {[%emt 0:00:00] Threatens
to win with ...exd4.} 12. dxe5 Nd7 13. h3 Bxf3 14. Bxf3 Nxe5 15. Be2 Qc8 16. Kg2 Qe6 {[%emt 0:00:00] Against Qb3} 17.
f4 $2 {[%emt 0:24:06] [#] Loses the game.} (17. Ra3 $15) 17... Rad8 $1 $19 18. Qb1 {[%emt 0:12:52] [#]} Nc4 19. Bxc4 Qxc4 20. e5 Rd3 21. Bf2 (21. Rf3 $142)
21... Rfd8 22. Re1 Rd2 23.
Qe4 (23. Ne4 {was forced.} Nc2 24. b3 (24. Nxd2 $2 Rxd2 25.
Kg1 Qd5 $19)) 23... R8d4 {[%emt 0:04:11] Black is clearly winning.} 24. e6 (24. Qf3 $142 Nc2 25. Ne4 Nxe1+ 26. Rxe1 Rxb2 27. Re3) 24...
Rxe4 25. Rxe4 Qc5 {[%emt 0:00:00] Weighted
Error Value: White=0.76/Black=0.00 (flawless)} 0-1

[Event "44th Chess Olympiad Open 2022"]
[Site "Chennai"]
[Date "2022.07.30"]
[Round "2.19"]
[White "Mehdi Hasan Parag"]
[Black "Acs, Peter"]
[Result "0-1"]
[WhiteElo "2227"]
[BlackElo "2575"]
[Annotator "ChessBase"]
[PlyCount "70"]
[EventDate "2022.??.??"]
[TimeControl "60"]

1. e4 c5 2. Nf3 d6 3. d4 cxd4 4. Nxd4 Nf6 5. Nc3 Nc6 6. Bg5 e6 7. Qd2 a6 8. O-O-O Bd7 9. f3 Nxd4 10. Qxd4 h6 11. Be3 Bc6 12. g4 d5 13. g5 hxg5 14. Bxg5 dxe4 15. Qe5 Qb8 16. Qd4 exf3 17. h4 Be7 18. h5 Qa7 19. Qf4 Nxh5 20. Qd2 Qc5 21. Be3 Qa5 22. Kb1 Rd8 23. Bd3 Bf6 24. Rh3 Qb4 25. Ka1 g6 26. Rg1 Bd4 27. Rxg6 Bxe3 28. Qxe3 fxg6 29. Qxe6+ Qe7 30. Qxg6+ Kd7 31. Rxh5 Rxh5 32. Qxh5 Qe1+ 33.
Nb1 f2 34. Qf7+ Kc8 35. Bf5+ Kb8 0-1

[Event "44th Chess Olympiad Open 2022"]
[Site "Chennai"]
[Date "2022.07.30"]
[Round "2.20"]
[White "Parligras, Mircea-Emilian"]
[Black "Mieles Palau, Daniel"]
[Result "1-0"]
[WhiteElo "2576"]
[BlackElo "2364"]
[Annotator "ChessBase"]
[PlyCount "51"]
[EventDate "2022.??.??"]
[TimeControl "60"]

1. d4 d5 2. c4 e6 3. Nf3 c6 4. e3 f5 5. Bd3 Nf6 6. O-O Bd6 7. b3 Qe7 8. Bb2 O-O 9. Qc1 b6 10. Ba3 Bb7 11. Bxd6 Qxd6 12. cxd5 Nxd5 13. Nbd2 Nd7 14. Re1 c5 15. e4 Nf4 16. Bc4 cxd4 17. g3 Kh8 18. Qd1 b5 19. Bxb5 fxe4 20.
Nxe4 Bxe4 21. Rxe4 Qd5 22. Rxf4 Rxf4 23. gxf4 Qxb5 24. Qxd4 Qh5 25. Ng5 Qg4+ 26. Kh1 1-0

[Event "44th Chess Olympiad Open 2022"]
[Site "Chennai"]
[Date "2022.07.30"]
[Round "2.20"]
[White "Jianu, Vlad-Cristian"]
[Black "Noboa Silva, Kevin"]
[Result "1-0"]
[WhiteElo "2511"]
[BlackElo "2304"]
[Annotator "TA"]
[PlyCount "89"]
[EventDate "2022.??.??"]
[TimeControl "60"]

1. d4 Nf6 2. Nf3 e6 3. c4 Bb4+ 4. Bd2 a5 5. a3 Bxd2+ 6. Qxd2 d6 7. Nc3 {[%emt 0:00:28][%cal Yg2g4] E11: Bogo-Indian.} Qe7 8. e3 e5 9. dxe5 {[%emt 0:00:
00] White is slightly better.} dxe5 10. Nd5 Nxd5 11. cxd5 ({Of course not} 11. Qxd5 Nd7
$15) 11... O-O {[%emt 0:01:02] [#]} 12. Qc3 $146 ({
Predecessor:} 12. Rc1 Bg4 13. Be2 Rd8 14. Qc3 Bxf3 15. Bxf3 e4 16. Be2 c6 17.
dxc6 Nxc6 18. O-O {½-½ (41) Zehrfeld,T (2043)-Safyanovsky,M (2204) Bayern
2007}) 12... Re8 13. Bc4 Bg4 14. Nd2 c6 15.
O-O b5 (15... Rc8 $11 {keeps the balance.}
16. d6 Qxd6) 16. Ba2 $16 cxd5 17. Bxd5 Ra6 18. Rfc1 Rd6 19. e4 a4 20. Nf1 Bd7 21. Ne3 g6 22. Qc7 Kf8 23. g3 f5 (23...
Nc6 $11 {remains equal.}) 24. exf5 gxf5 {[%emt 0:00:24] ...f4
is the strong threat.} 25. Bg2 {[%emt 0:01:28] White is much more active.} Rc8 ({Black should play} 25... Na6 26. Qc3 Rc8) 26. Qb7 Rd8 (26... Rxc1+ $16 {keeps fighting.} 27. Rxc1 Qd8)
27. Rd1 $18 Rd4 28. Qb6 {[%emt 0:03:20]
Against Qd6} Be6 29. Qxb5 Qf6 30. Qb6 Kg7 31. Qc7+ Kg6 (31... Kh8 $142 32. Rac1 Bb3) 32. Rac1 Bb3 $2 (32... Kh6 33. h3 Rxd1+ 34. Rxd1
Rxd1+ 35. Nxd1 Nd7) 33. Re1 $2 (33. Rxd4 {Intending Rg4+ and
mate.} exd4 {[#]} 34. Nxf5 $1) 33... R4d7 34. Qc3 Rd4 35. Qc7 (35. Qa5 $142) 35... R4d7 36. Qa5 Rd4 37. Rc5 Nd7 $2 (37... Qa6 38. Rc6+ Qxc6) 38. Rc6 {[%emt 0:00:
07] White is clearly winning.} Be6 39. Nd5 Rxd5 40. Bxd5 Re8 41. Qxa4 Nf8 {[%emt 0:00:00] [#]} 42. Rxe6 $1 Rxe6 43. Bxe6 Nxe6 44. Qc6 e4 45. Rd1 {[%emt 0:00:00] Weighted Error
Value: White=0.41/Black=0.33} 1-0

[Event "44th Chess Olympiad Open 2022"]
[Site "Chennai"]
[Date "2022.07.30"]
[Round "2.20"]
[White "Matamoros Franco, Carlos S."]
[Black "Deac, Bogdan-Daniel"]
[Result "0-1"]
[WhiteElo "2459"]
[BlackElo "2692"]
[Annotator "TA"]
[PlyCount "56"]
[EventDate "2022.??.??"]
[TimeControl "60"]

1. Nf3 d5 2. g3 Nd7 3. c4 dxc4 4. Qa4 a6 5. Qxc4 b5 6. Qb3 {[%emt 0:02:28] A09: Réti Opening:
1 Nf3 d5 2 c4.} e6 7. Bg2 Bb7 8. O-O {[%emt 0:01:03] The position is equal.} Ngf6 9. Nc3 c5 10. d3 Rc8 11. Bg5 Be7 12. Nd2 Bxg2 13. Kxg2 {[%emt 0:03:11] [#]} h6 $146 ({Predecessor:} 13... O-O 14. a4 b4 15. Nd1 Ne5 16. Ne3 Nd5 17.
Bxe7 Nxe3+ 18. fxe3 Qxe7 19. Nc4 Nxc4 20. Qxc4 {1-0 (39) Bang,A (2310)
-Jakobsen,P (2270) Taastrup 1994}) 14. Bxf6 Nxf6 15. Rfd1 Qb6 16. a4 Rb8 17. axb5 axb5 18. Qa2 Qc6+ 19. Kg1 O-O 20. Qa7 Nd7 {[%emt 0:12:21] And now ...
Ra8 would win.} 21. Qa6 Rb6 22. Qa2 Rc8 23. Rdc1 f5 24.
Nf3 Bf6 25. Qb3 (25. Nd1 $15
) 25... Qb7 (25... c4 $1 $17 26. dxc4 bxc4) 26.
Ra2 {[%emt 0:05:24] [#]} (26. Nd1 $15) 26... c4 $1 $17 27.
dxc4 Nc5 {[%emt 0:00:00] Deflection} 28. Qc2 {[%emt 0:00:00] 
[#]} (28. Qd1 $17 {nothing else works.} bxc4 29. Na4 Nxa4 30. Rxa4) 28... b4 $1
{[%emt 0:00:00] Weighted Error Value: White=0.36/ Black=0.05 (flawless)} ({
Weaker is} 28... bxc4 29. Rf1 $17) 0-1